Map: Void Training Stage 2

Players

Gracz - Winner!

  • Race: Terran Terran
  • League: Silver

Player 2

  • Race: Terran Terran

VOD

Have the link to the VOD?

Description

Time

  • Played on: Sept. 24, 2016, 11:26 a.m.
  • Length: 10:42
Show
View Real Time Build Order
Export as new Build Order

Gracz Terran - Winner!

Build Orders:  

Get SALT Encoding   

  12  0:02  SCV  
  13  0:14  SCV  
  13  0:19  Supply Depot  
  14  0:27  SCV  
  15  0:37  Refinery  
  15  0:41  SCV  
  16  0:49  Barracks  
  16  0:57  SCV  
  17  1:09  SCV  
  18  1:18  Barracks  
  18  1:24  Barracks  
  18  1:35  Refinery, SCV  
  19  1:40  Marine  
  20  1:59  SCV  
  21  2:11  SCV  
  21  2:12  Supply Depot  
  22  2:19  Marine  
  23  2:33  Marine x2  
  23  2:34  SCV  
  26  2:37  Marine  
  26  2:40  Supply Depot  
  27  2:46  SCV  
  28  2:52  Factory  
  28  2:58  SCV  
  29  3:13  Marine x2  
  29  3:14  Marine  
  32  3:31  Marine  
  33  3:38  Command Center  
  33  3:41  Factory Tech Lab  
  33  3:42  Barracks Tech Lab  
  33  3:43  Barracks Reactor  
  33  3:56  Marine  
  34  4:03  Stimpack  
  34  4:07  Siege Tank  
  37  4:11  Supply Depot  
  37  4:21  SCV  
  37  4:30  Marauder  
  39  4:33  SCV  
  40  4:41  Supply Depot  
  40  4:43  Supply Depot  
  40  4:48  Marine  
  40  4:49  Marine, Barracks Reactor  
  42  4:56  Refinery  
  42  5:07  Refinery  
  42  5:19  Supply Depot  
  42  5:27  Orbital Command  
  42  5:41  Marine  
  42  5:42  Marine x4  
  45  5:57  Orbital Command  
  45  5:59  Marine  
  45  6:01  Supply Depot  
  43  6:44  Marine  
  43  6:45  Marine x4  
  48  6:48  SCV x2  
  50  7:02  Marine x5  
  55  7:23  Marine  
  55  7:28  SCV x2  
  58  7:31  Engineering Bay  
  58  7:35  Marine  
  59  7:40  Siege Tank, SCV x2  
  64  7:52  SCV x2  
  64  7:56  Marine x5  
  71  8:01  Terran Infantry Armor Level 1  
  71  8:04  SCV x2  
  73  8:06  Supply Depot  
  73  8:14  Marine  
  73  8:15  Siege Tank  
  73  8:16  SCV  
  78  8:25  Marine  
  78  8:26  Marine x3  
  82  8:31  Marine  
  82  8:33  SCV  
  84  8:35  SCV  
  85  8:43  Marine x2  
  85  8:44  Marine x2  
  85  8:45  SCV  
  85  8:48  SCV  
  91  8:49  Supply Depot  
  91  8:57  SCV  
  91  9:00  SCV  
  93  9:03  Marine x2  
  93  9:09  SCV  
  96  9:11  Marine x3  
Show
View Real Time Build Order
Export as new Build Order

Player 2 Terran 

Build Orders:  

Get SALT Encoding   

  12  0:00  SCV  
  13  0:13  SCV  
  14  0:21  Supply Depot  
  14  0:25  SCV  
  15  0:42  SCV  
  16  0:46  Refinery  
  16  0:49  Barracks  
  16  1:11  Supply Depot  
  16  1:21  Refinery  
  16  1:36  Marine, Orbital Command  
  17  1:54  Barracks Tech Lab  
  17  2:02  SCV  
  18  2:13  Marine  
  18  2:14  SCV  
  20  2:17  Supply Depot  
  20  2:26  SCV  
  21  2:31  Marine  
  22  2:38  SCV  
  23  2:49  Marauder  
  23  2:50  SCV  
  26  3:02  SCV  
  27  3:10  Marauder  
  29  5:24  Reaper  
  29  5:25  SCV  
  29  5:27  Supply Depot  
  31  5:29  Factory  
  31  5:33  Command Center  
  31  5:45  SCV  
  27  5:51  Supply Depot  
  27  5:56  Reaper  
  26  5:57  SCV  
  27  6:09  SCV  
  28  6:28  Marine  
  28  6:45  SCV  
  28  6:46  Reaper  
  30  6:50  SCV  
  30  6:54  Refinery  
  30  6:55  Hellion  
  30  6:57  SCV  
  33  7:02  SCV  
  34  7:10  Refinery, SCV  
  34  7:14  SCV  
  36  7:17  Hellion  
  36  7:22  SCV  
  38  7:25  Marine  
  38  7:26  SCV  
  40  7:34  SCV  
  41  7:38  SCV  
  41  7:43  Marine  
  43  7:46  SCV  
  43  7:50  SCV  
  45  7:58  SCV  
  46  8:01  Marauder  
  46  8:02  SCV  
  49  8:10  SCV  
  50  8:14  SCV  
  51  8:20  Supply Depot  
  51  8:22  SCV  
  51  8:23  Marauder  
  51  8:26  SCV  
  55  8:34  SCV  
  55  8:39  SCV  
  57  8:44  Marine  
  57  8:46  SCV  
  59  8:51  SCV  
  60  8:55  Supply Depot  
  60  8:58  SCV  
  60  9:02  Reaper  
  62  9:18  Hellion  
  53  9:27  SCV  
  44  9:31  SCV  
  44  9:33  Supply Depot  
  42  9:44  SCV  
  33  9:56  SCV  
  33  9:57  Supply Depot  
  30  10:06  Barracks  
  28  10:08  SCV  
  28  10:11  Supply Depot  
  29  10:14  Supply Depot  
Tags
 
Add a new tag
Caveats
  • Supply blocks, unpowered buildings, or Contaminate may cause inaccurate times.
  • Supply counts are checked every 10 seconds.